 Dungeon Crawl Stone Soup version 0.27-a0-1548-gf8a67e7463 (webtiles) character file.

Game seed: 3129534321793855543

346 pokeman the Magician (level 6, -1/32 (34) HPs)
             Began as a Deep Elf Hedge Wizard on July 13, 2021.
             Slain by a wight (9 damage)
             ... on level 4 of the Dungeon.
             The game lasted 00:07:22 (4395 turns).

pokeman the Magician (Deep Elf Hedge Wizard)        Turns: 4395, Time: 00:07:22

HP:   -1/32 (34)    AC:  3    Str:  7    XL:     6   Next: 32%
MP:   1/17          EV: 13    Int: 21    God:
Gold: 122           SH:  0    Dex: 14    Spells: 6/18 levels left

rFire    . . .     SeeInvis .   f - +4 long sword
rCold    . . .     Faith    .   (no shield)
rNeg     . . .     Spirit   .   b - +0 robe
rPois    .         Reflect  .   c - +0 hat
rElec    .         Harm     .   n - scarf {repulsion}
rCorr    .         Rampage  .   (no gloves)
Will     .....                  k - +0 pair of boots
Stlth    ++........             (no amulet)
HPRegen  0.10/turn              (no ring)
MPRegen  0.15/turn              (no ring)

@: drained, repel missiles
A: no striking features
a: no special abilities


You were on level 4 of the Dungeon.
You visited 1 branch of the dungeon, and saw 4 of its levels.

You collected 122 gold pieces.

Inventory:

Hand Weapons
 d - a +0 arbalest
 f - a +4 long sword (weapon)
Missiles
 g - 3 throwing nets
 m - 63 arrows
Armour
 b - a +0 robe (worn)
 c - a +0 hat (worn)
 k - a +0 pair of boots (worn)
 n - a scarf of repulsion (worn)
 v - a +0 buckler
Scrolls
 a - a scroll of brand weapon {unknown}
 h - 2 scrolls of immolation {unknown}
 p - 2 scrolls of identify {unknown}
 r - 2 scrolls of enchant weapon {unknown}
 u - 2 scrolls of amnesia {unknown}
Potions
 e - 2 potions of heal wounds {unknown}
 i - 2 potions of haste {unknown}
 j - a potion of degeneration {unknown}
 l - 2 potions of curing {unknown}
 o - a potion of ambrosia {unknown}
 q - 2 potions of invisibility {unknown}
 s - a potion of berserk rage {unknown}
 t - a potion of cancellation {unknown}
 w - a potion of lignification {unknown}


   Skills:
 - Level 1.0 Fighting
 - Level 1.0 Armour
 + Level 3.7 Dodging
 + Level 2.4 Stealth
 * Level 6.9 Spellcasting
 + Level 3.2 Conjurations
 - Level 1.1 Summonings
 - Level 1.1 Translocations
 - Level 1.0 Fire Magic
 - Level 1.1 Air Magic
 - Level 1.0 Poison Magic


You had 6 spell levels left.
You knew the following spells:

 Your Spells              Type           Power      Damage    Failure   Level
a - Magic Dart            Conj           84%        1d7       2%          1
b - Mephitic Cloud        Conj/Pois/Air  15%        N/A       12%         3
c - Call Imp              Summ           11%        N/A       9%          2
d - Blink                 Tloc           N/A        N/A       9%          2
e - Conjure Flame         Conj/Fire      16%        6-21      11%         3
f - Apportation           Tloc           22%        N/A       5%          1

Your spell library contained the following spells:

 Spells                   Type           Power      Damage    Failure   Level
 Slow                     Hex            7%         N/A       14%         2


Dungeon Overview and Level Annotations

Branches:
Dungeon (4/15)
 Temple: D:4-7

Altars:
Ashenzari
Gozag
Uskayaw


Message History

Your white imp gestures at the wight.
The puff of frost hits the wight.
The wight completely resists.
The wight hits your white imp with a +0 war axe.
Your white imp dies!
Casting: Call Imp (safe; 9% risk of failure)
Confirm with . or Enter, or press ? or * to list all spells.
A shadowy apparition takes form in the air.
The wight hits your shadow imp with a +0 war axe.
The wight closely misses your shadow imp.
Your shadow imp hits the wight.
The wight hits your shadow imp with a +0 war axe.
Your shadow imp dies!
Casting: Call Imp (safe; 9% risk of failure)
Confirm with . or Enter, or press ? or * to list all spells.
Aiming: Magic Dart (safe; 2% risk of failure)
Press: ? - help, Shift-Dir - straight line, f/p - wight
Aim: a wight, wielding a +0 halberd and wearing a +0 robe (almost destroyed, 100% to hit)
The magic dart hits the wight but does no damage.
The wight is heavily damaged.
Your magical contamination has completely faded away.
The wight closely misses you. The wight hits you but does no damage.
You barely miss the wight.
The wight is heavily damaged.
The wight barely misses you.
The wight hits you from afar with a +0 halberd.
You feel drained. The wight barely misses you.
You barely miss the wight.
The wight is heavily damaged.
The wight barely misses you. The wight closely misses you. x2
You closely miss the wight.
The wight is heavily damaged.
The wight hits you with a +0 war axe! The wight misses you.
The wight barely misses you.
You riposte.
You hit the wight.
The wight is heavily damaged.
You closely miss the wight.
The wight is heavily damaged.
The wight hits you from afar with a +0 halberd!
* * * LOW HITPOINT WARNING * * *
The wight hits you with a +0 war axe!
You die...

### #.. #.# ##### #.###
#...# ####...#
##'#.########.zz.#
..........†...##@# .
........########.# ###.
.<......##.........#..
............#.##.###.######
......>.##..# ......#....#
..........5.#######.z#.##.#
..)..######.#....##..#.#..#
.....# #.##.#.5...z.#z##
.....# #5....########z#


You could see 2 wights.

Vanquished Creatures
  Edmund (D:4)
  A wight (D:4)
  A jelly (D:4)
  A hound (D:4)
  Jessica (D:3)
  4 adders
  2 dart slugs (D:1)
  7 endoplasms
  6 giant cockroaches
  2 goblins
  3 hobgoblins
  4 jackals (D:3)
  A quokka (D:3)
  3 ball pythons
  3 bats
  A frilled lizard (D:3)
  8 kobolds
49 creatures vanquished.

Vanquished Creatures (collateral kills)
  A wight (D:4)
1 creature vanquished.

Grand Total: 50 creatures vanquished

Notes
Turn   | Place    | Note
-------+----------+-------------------------------------------
     0 | D:1      | pokeman the Deep Elf Hedge Wizard began the quest for the
                  | Orb.
     0 | D:1      | Reached XP level 1. HP: 10/10 MP: 7/7
   664 | D:1      | Reached XP level 2. HP: 16/16 MP: 3/9
  1667 | D:2      | Found a faded altar of an unknown god.
  1731 | D:2      | Reached skill level 5 in Spellcasting
  1731 | D:2      | Reached XP level 3. HP: 20/20 MP: 3/11
  1735 | D:2      | Learned a level 3 spell: Mephitic Cloud
  1738 | D:2      | Learned a level 2 spell: Call Imp
  1741 | D:2      | Learned a level 2 spell: Blink
  1745 | D:2      | Learned a level 3 spell: Conjure Flame
  2085 | D:3      | Reached skill level 1 in Fighting
  2087 | D:3      | Reached skill level 1 in Armour
  2218 | D:3      | Noticed Jessica
  2226 | D:3      | Killed Jessica
  2227 | D:3      | Reached XP level 4. HP: 25/25 MP: 4/13
  2302 | D:3      | Got Jessica's Handbook of Translocation
  2305 | D:3      | Learned a level 1 spell: Apportation
  2473 | D:3      | Found a hide-covered altar of Uskayaw.
  2734 | D:3      | Found an opulent altar of Gozag.
  3311 | D:4      | Reached skill level 1 in Fire Magic
  3451 | D:4      | Found a broken altar of Ashenzari.
  3466 | D:4      | Noticed Edmund
  3517 | D:4      | Killed Edmund
  3518 | D:4      | Reached skill level 6 in Spellcasting
  3518 | D:4      | Reached skill level 1 in Air Magic
  3518 | D:4      | Reached XP level 5. HP: 11/29 MP: 2/15
  3535 | D:4      | Reached XP level 6. HP: 7/34 MP: 1/17
  4015 | D:4      | Reached skill level 1 in Poison Magic
  4395 | D:4      | Slain by a wight

Illustrated notes

Levels and vault maps discovered:
D:1:      zelgadis_glass_arrival_small, layout_basic
D:2:      layout_basic, hellmonk_ecumenical_altar_leap_of_faith,
          due_unseen_surprise
D:3:      layout_basic, mainiacjoe_overflow_paths, grunt_gozag_statues,
          kennysheep_jessica_study
D:4:      layout_basic, ashenzari_conservatory_becter, uniq_edmund

Skill      XL: |  1  2  3  4  5  6 |
---------------+-------------------+-----
Spellcasting   | 5 6 |  6.9
Fighting       | 1 |  1.0
Armour         | 1 |  1.0
Conjurations   | 2 3 |  3.2
Fire Magic     | 1 |  1.0
Dodging        | 3 |  3.7
Air Magic      | 1 |  1.1
Poison Magic   | 1 |  1.0
Stealth        | |  2.4
Summonings     | |  1.1
Translocations | |  1.1

Action                   |  1- 3 |  4- 6 || total
-------------------------+-------+-------++-------
Melee: Long sword        |    11 |    20 ||    31
 Cast: Magic Dart        |    78 |    69 ||   147
       Conjure Flame     |       |     8 ||     8
       Mephitic Cloud    |       |     2 ||     2
       Call Imp          |       |    11 ||    11
 Stab: Confused          |       |     1 ||     1
Armor: Robe              |     7 |     2 ||     9
Dodge: Dodged            |    26 |    20 ||    46
       Rpst.: Long sword |     8 |     5 ||    13

Table legend: (Time is in decaauts)
 A = Elapsed time spent in this place.
 B = Non-inter-level travel time spent in this place.
 C = Inter-level travel time spent in this place.
 D = Time resting spent in this place.
 E = Time spent auto-exploring this place.
 F = Levels seen in this place.
 G = Mean time per level.
                   A        B        C        D        E       F      G
               +--------+--------+--------+--------+--------+-----+--------+
         Total |   4405 |   4309 |     96 |    171 |   3606 |   4 | 1101.2 |
       Dungeon |   4405 |   4309 |     96 |    171 |   3606 |   4 | 1101.2 |
               +--------+--------+--------+--------+--------+-----+--------+

Top non-repeatable levels by time:
     D:3: 1391 daAuts
     D:1: 1154 daAuts
     D:4: 1097 daAuts
     D:2: 761 daAuts
